 Dungeon Crawl Stone Soup version 0.23-a0-644-gb60d84b635 (webtiles) character file.

23279 Mazzaar the Geomancer (level 13, -3/70 HPs)
             Began as a Gargoyle Earth Elementalist on Jan 1, 2019.
             Was an Elder of Vehumet.
             Slain by a four-headed hydra (11 damage)
             ... on level 12 of the Dungeon.
             The game lasted 01:00:57 (15697 turns).

Mazzaar the Geomancer (GrEE)                       Turns: 15697, Time: 01:00:58

Health: -3/70      AC: 19    Str: 12    XL:     13   Next: 5%
Magic:  25/25      EV: 14    Int: 26    God:    Vehumet [****..]
Gold:   843        SH:  0    Dex: 10    Spells: 4/28 levels left

rFire    + . .     SeeInvis .   A - +1 demon whip (drain)
rCold    . . .     Gourm    .   (no shield)
rNeg     + . .     Faith    .   f - +2 robe {MR+}
rPois    ∞         Spirit   .   C - +0 helmet
rElec    +         Reflect  .   z - +0 cloak
rCorr    .         Harm     .   s - +0 pair of gloves
MR       +....     Clarity  +   n - +0 pair of boots
Stlth    +++.......             (no amulet)
HPRegen  0.21/turn              D - ring of stealth
MPRegen  0.19/turn              H - ring "Abloch" {+Fly Int+5}

@: no status effects
A: blink, blurry vision 2, clarity, fire resistance 1, frail 1, negative energy
resistance 1, electricity resistance, unbreathing, petrification resistance, rot
immunity, AC +9
a: Blink, Renounce Religion, Evoke Flight


You were on level 12 of the Dungeon.
You worshipped Vehumet.
Vehumet was greatly pleased with you.
You were not hungry.

You visited 2 branches of the dungeon, and saw 16 of its levels.
You also visited: Gauntlet.

You collected 843 gold pieces.

Inventory:

Hand Weapons
 h - a +2 demon whip of distortion
 j - a +0 flail
 u - a +1 flail of venom
 A - a +1 demon whip of draining (weapon)
 G - a +2 demon blade of draining
Missiles
 a - a throwing net
 b - 130 stones (quivered)
Armour
 f - a +2 robe of magic resistance (worn)
 n - a +0 pair of boots (worn)
 s - a +0 pair of gloves (worn)
 z - a +0 cloak (worn)
 C - a +0 helmet (worn)
Jewellery
 m - an uncursed amulet of faith {unknown}
 v - an uncursed ring of ice
 y - the ring "Wephehi" {*Tele +Fly Str+7}
   (You found it in a Gauntlet)

   [ring of teleportation]

   It may teleport you next to monsters.
   It affects your strength (+7).
   It lets you fly.
 D - a ring of stealth (left hand)
 H - the ring "Abloch" (right hand) {+Fly Int+5}
   (You found it in a Gauntlet)

   [ring of flight]

   It affects your intelligence (+5).
   It lets you fly.
Wands
 c - a wand of random effects (17)
 I - a wand of iceblast (10)
 J - a wand of paralysis (10)
Scrolls
 e - 6 scrolls of teleportation
 g - 2 scrolls of fear
 l - 13 scrolls of remove curse
 o - a scroll of blinking
 p - 3 scrolls of amnesia
 q - 3 scrolls of immolation
 t - a scroll of magic mapping
 B - 7 scrolls of identify
Potions
 k - 4 potions of curing
 r - 3 potions of brilliance
 E - a potion of heal wounds
 F - a potion of resistance
Miscellaneous
 x - a lamp of fire (inert)
 K - a fan of gales
Comestibles
 d - 22 rations


   Skills:
 + Level 7.9 Fighting
 + Level 7.2 Maces & Flails
 - Level 6.0 Armour
 + Level 6.3 Dodging
 - Level 2.1 Stealth
 + Level 8.4 Spellcasting
 + Level 9.3 Conjurations
 - Level 0.7 Transmutations
 * Level 5.8 Fire Magic
 + Level 11.0 Earth Magic
 + Level 3.5 Evocations


You had 4 spell levels left.
You knew the following spells:

 Your Spells              Type           Power        Failure   Level  Hunger
a - Sandblast             Erth           ######       1%          1    None
b - Stone Arrow           Conj/Erth      ######       1%          3    None
c - Lee's Rapid Deconstr  Erth           ######....   1%          5    ####...
d - Petrify               Tmut/Erth      #####...     4%          4    ##.....
e - Fireball              Conj/Fire      ######....   1%          5    ####...
f - Bolt of Fire          Conj/Fire      ######....   11%         6    ######.

Your spell library contained the following spells:

 Spells                   Type           Power        Failure   Level  Hunger
 Lightning Bolt           Conj/Air       #####.....   6%          5    ####...
 Flame Tongue             Conj/Fire      #####        1%          1    None
 Passwall                 Tmut/Erth      #####...     1%          2    None
 Throw Flame              Conj/Fire      ######       1%          2    None
 Conjure Flame            Conj/Fire      ######..     1%          3    None
 Inner Flame              Hex/Fire       ####....     1%          3    None
 Sticky Flame             Conj/Fire      ######..     1%          4    ##.....
 Confusing Touch          Hex            ##....       5%          1    None
 Corona                   Hex            ##.....      5%          1    None
 Leda's Liquefaction      Hex/Erth       #####.....   5%          4    ##.....
 Slow                     Hex            ##......     9%          2    None
 Confuse                  Hex            ##......     16%         3    None
 Gell's Gravitas          Tloc           ##........   16%         3    None
 Portal Projectile        Hex/Tloc       ##....       16%         3    None
 Cause Fear               Hex            ##........   47%         4    ##.....
 Yara's Violent Unravell  Hex/Tmut       ##........   32%         5    ####...
 Metabolic Englaciation   Hex/Ice        ##........   83%         5    ####...
 Dragon Form              Tmut           ##........   100%        7    #######
 Dragon's Call            Summ           ##........   100%        9    #######


Dungeon Overview and Level Annotations

Branches:
Dungeon (15/15)            Temple (1/1) D:7            Lair (0/6) D:11
 Depths (0/5) D:15
    Orc: D:9-12      Vaults: D:13-14

Altars:
Ashenzari
Cheibriados
Dithmenos
Elyvilon
Fedhas
Gozag
Hepliaklqana
Kikubaaqudgha
Makhleb
Nemelex Xobeh
Okawaru
Qazlal
Ru
Sif Muna
Trog
Uskayaw
Vehumet
Wu Jian
Xom
Yredelemnul
Zin
The Shining One

Shops:
D:10 (


Innate Abilities, Weirdness & Mutations

You are resistant to torment.
Your stone body is resilient. (AC +9)
You are immune to poison.
You resist negative energy. (rN+)
You are resistant to electric shocks. (rElec)
You can survive without breathing.
You are immune to petrification.
You are immune to rotting.
You can translocate small distances at will.
Scrolls take you longer to read.
You possess an exceptional clarity of mind.
Your flesh is heat resistant. (rF+)
You are frail. (-10% HP)


Message History

Unknown command.
Really read with blurry vision while enemies are nearby?
The wraith hits you but does no damage. The hippogriff closely misses you.
The hippogriff misses you. The hippogriff closely misses you.
The gargoyle misses you. The wraith barely misses you.
You begin reading the scroll.
You continue reading the scroll.
You feel yourself speed up. The four-headed hydra bites you!
The four-headed hydra bites you. x2
The four-headed hydra misses you.
The hippogriff bites you but does no damage.
The hippogriff closely misses you. The hippogriff misses you.
The wraith hits you but does no damage.
The gargoyle hurls a stone arrow at you.
The stone arrow hits you!
* * * LOW HITPOINT WARNING * * *
The four-headed hydra bites you.
* * * LOW HITPOINT WARNING * * *
The four-headed hydra closely misses you.
The four-headed hydra bites you!
You die...

#.....# #.....# #...H.#
###.....# ##.#....(# #
#........# ## .#
#######$#.HDW.######.##.###
.r.........@HJ.............
.$9.........9..............
........)..!.?.....>.......
###.......##...#####.##
##......###.## ##.....#####
#......# #.....## #......#


You could see a four-headed hydra, a manticore, 2 hippogriffs, a wraith, a
gargoyle and a jelly.

Vanquished Creatures
  A minotaur (Gauntlet)
  A green death (Gauntlet)
  2 hydras
  Erolcha (D:10)
  Harold (D:7)
  A centaur warrior (D:15)
  Nergalle (D:10)
  8 hell knights (D:11)
  A wizard (D:14)
  Pikel (D:7)
  A necromancer (D:11)
  A cyclops (D:14)
  An ugly thing (D:12)
  A centaur zombie (D:15)
  Maurice (D:8)
  Psyche (D:10)
  5 trolls
  2 slime creatures (D:12)
  Prince Ribbit (D:8)
  2 dream sheep (D:8)
  2 hippogriffs
  A shadow (D:10)
  A wraith (D:15)
  11 yaks
  7 hell hounds (D:11)
  Duvessa (D:7)
  8 sky beasts
  An orc warrior (D:10)
  2 boggarts (D:10)
  A phantom (D:9)
  2 ice beasts
  5 ogres
  5 centaurs
  4 big kobolds
  A bullfrog (D:10)
  Dowan (D:7)
  2 scorpions (D:9)
  A wight (D:9)
  6 crimson imps
  3 jellies
  7 orc priests
  4 centaur skeletons
  2 hounds (D:5)
  8 orc wizards
  2 bullfrog skeletons
  3 iguanas
  10 worker ants
  2 hound zombies
  2 worker ant zombies
  4 gnolls (D:5)
  A howler monkey skeleton (D:8)
  17 adders
  2 shadow imps
  An adder zombie (D:7)
  A worm (D:2)
  3 dart slugs
  3 leopard geckos
  42 orcs
  6 giant cockroaches
  8 hobgoblins
  8 jackals
  2 quokkas
  5 bats
  5 frilled lizards
  8 goblins
  5 kobolds
  2 quokka skeletons
  A quokka zombie (D:5)
  2 rats (D:2)
265 creatures vanquished.

Vanquished Creatures (others)
  A slave (D:7)
  A sky beast (D:7)
  A boggart (D:10)
  An adder zombie (D:7)
  3 demonic plants (Gauntlet)
7 creatures vanquished.

Grand Total: 272 creatures vanquished

Notes
Turn   | Place    | Note
-------+----------+-------------------------------------------
     0 | D:1      | Mazzaar the Gargoyle Earth Elementalist began the quest for
                  | the Orb.
     0 | D:1      | Reached XP level 1. HP: 10/10 MP: 3/3
   389 | D:1      | Reached skill level 4 in Earth Magic
   389 | D:1      | Reached XP level 2. HP: 15/15 MP: 5/5
  1157 | D:2      | Found a radiant altar of Vehumet.
  1165 | D:2      | Became a worshipper of Vehumet
  1173 | D:2      | Reached XP level 3. HP: 19/19 MP: 2/7
  1178 | D:2      | Learned a level 3 spell: Stone Arrow
  1261 | D:2      | Found a basalt altar of Yredelemnul.
  1747 | D:2      | Reached skill level 1 in Conjurations
  1747 | D:2      | Reached XP level 4. HP: 24/24 MP: 4/8
  2341 | D:2      | Reached * piety under Vehumet
  2341 | D:2      | Offered knowledge of Freeze by Vehumet.
  2341 | D:2      | Reached skill level 5 in Earth Magic
  2661 | D:3      | Reached XP level 5. HP: 28/28 MP: 9/9
  2667 | D:3      | Learned a level 4 spell: Petrify
  3157 | D:3      | Reached XP level 6. HP: 32/32 MP: 7/11
  4156 | D:4      | Gained mutation: Scrolls take you a little longer to read.
                  | [potion of mutation]
  4156 | D:4      | Gained mutation: You are partially covered in iridescent
                  | scales. (AC +2) [potion of mutation]
  4208 | D:4      | Reached skill level 6 in Earth Magic
  4263 | D:4      | Reached XP level 7. HP: 36/36 MP: 9/13
  4686 | D:5      | Entered Level 5 of the Dungeon
  4795 | D:5      | Learned a level 5 spell: Lee's Rapid Deconstruction
  4945 | D:5      | Offered knowledge of Sting by Vehumet.
  4946 | D:5      | Reached ** piety under Vehumet
  5062 | D:5      | Found an ornate altar of the Wu Jian Council.
  5294 | D:5      | Reached skill level 5 in Spellcasting
  5294 | D:5      | Reached skill level 7 in Earth Magic
  5444 | D:6      | Reached XP level 8. HP: 42/42 MP: 9/15
  5526 | D:5      | Reached skill level 1 in Fighting
  5526 | D:5      | Reached skill level 1 in Armour
  5537 | D:5      | Reached skill level 1 in Maces & Flails
  5835 | D:6      | Found a hazy altar of Hepliaklqana.
  5850 | D:6      | Reached skill level 5 in Conjurations
  6185 | D:7      | Lost mutation: You are partially covered in iridescent
                  | scales. (AC +2) [potion of mutation]
  6185 | D:7      | Lost mutation: Scrolls take you a little longer to read.
                  | [potion of mutation]
  6185 | D:7      | Gained mutation: You are frail. (-10% HP) [potion of
                  | mutation]
  6185 | D:7      | Gained mutation: Your magical capacity is low. (-10% MP)
                  | [potion of mutation]
  6185 | D:7      | Gained mutation: Your flesh is heat resistant. (rF+)
                  | [potion of mutation]
  6242 | D:7      | Found a staircase to the Ecumenical Temple.
  6248 | Temple   | Entered the Ecumenical Temple
  6380 | D:7      | Noticed Pikel
  6397 | D:7      | Offered knowledge of Throw Frost by Vehumet.
  6414 | D:7      | Killed Pikel
  6414 | D:7      | Reached XP level 9. HP: 31/44 MP: 5/15
  6543 | D:7      | Noticed Duvessa
  6545 | D:7      | Noticed Dowan
  6550 | D:7      | Killed Duvessa
  6563 | D:7      | Killed Dowan
  6824 | D:7      | Noticed Harold
  6848 | D:7      | Killed Harold
  6848 | D:7      | Reached skill level 8 in Earth Magic
  7182 | D:7      | Found an opulent altar of Gozag.
  7184 | D:7      | Found a stormy altar of Qazlal.
  7297 | D:7      | Found an ancient bone altar of Kikubaaqudgha.
  7301 | D:7      | Found a glowing silver altar of Zin.
  7578 | D:8      | Noticed Prince Ribbit
  7588 | D:8      | Lost mutation: Your magical capacity is low. (-10% MP)
                  | [potion of mutation]
  7588 | D:8      | Gained mutation: Scrolls take you a little longer to read.
                  | [potion of mutation]
  7588 | D:8      | Gained mutation: You can translocate small distances at
                  | will. [potion of mutation]
  7588 | D:8      | Gained mutation: Scrolls take you longer to read. [potion
                  | of mutation]
  7588 | D:8      | Gained mutation: You possess an exceptional clarity of
                  | mind. [potion of mutation]
  7591 | D:8      | Killed Prince Ribbit
  7591 | D:8      | Reached *** piety under Vehumet
  7699 | D:8      | Reached XP level 10. HP: 49/51 MP: 7/19
  7894 | D:8      | Noticed Maurice
  7901 | D:8      | Killed Maurice
  8219 | D:8      | Found a white marble altar of Elyvilon.
  8610 | D:8      | Noticed a two-headed hydra
  8621 | D:8      | Killed a two-headed hydra
  8621 | D:8      | Reached skill level 5 in Fighting
  8621 | D:8      | Reached skill level 5 in Armour
  8621 | D:8      | Reached skill level 9 in Earth Magic
  9017 | D:9      | Offered knowledge of Iskenderun's Mystic Blast by Vehumet.
  9273 | D:9      | Reached skill level 5 in Maces & Flails
  9539 | D:9      | Found a hide-covered altar of Uskayaw.
  9648 | D:9      | Found an iron altar of Okawaru.
  9650 | D:9      | Found a burning altar of Makhleb.
  9651 | D:9      | Found a deep blue altar of Sif Muna.
  9698 | D:10     | Entered Level 10 of the Dungeon
  9783 | D:10     | Reached XP level 11. HP: 40/57 MP: 21/21
  9785 | D:10     | Reached **** piety under Vehumet
  9887 | D:10     | Offered knowledge of Lightning Bolt by Vehumet.
  9999 | D:10     | Found Qutzi's Weapon Shop.
 10158 | D:10     | Noticed Psyche
 10162 | D:10     | Killed Psyche
 10398 | D:10     | Noticed Nergalle
 10407 | D:10     | Noticed a spectral orc warlord
 10408 | D:10     | Killed Nergalle
 10408 | D:10     | Reached skill level 5 in Dodging
 10631 | D:10     | Noticed Erolcha
 10636 | D:10     | Killed Erolcha
 11018 | D:11     | Learned a level 5 spell: Fireball
 11103 | D:11     | Noticed a four-headed hydra
 11109 | D:11     | Killed a four-headed hydra
 11109 | D:11     | Reached skill level 1 in Fire Magic
 11204 | D:11     | Found a staircase to the Lair.
 11297 | D:11     | Reached skill level 10 in Earth Magic
 11792 | D:11     | Reached skill level 1 in Evocations
 11963 | D:11     | Noticed a hell knight
 11964 | D:11     | Noticed a hell knight
 11965 | D:11     | Noticed a hell knight
 11965 | D:11     | Noticed a hell knight
 11965 | D:11     | Noticed a hell knight
 11965 | D:11     | Noticed a necromancer
 11970 | D:11     | Noticed a hell knight
 12060 | D:11     | Killed a hell knight
 12148 | D:11     | Noticed a hell knight
 12150 | D:11     | Killed a hell knight
 12323 | D:11     | Killed a necromancer
 12323 | D:11     | Reached XP level 12. HP: 58/63 MP: 7/23
 13324 | D:11     | Killed a hell knight
 14189 | D:12     | You fall through a shaft for 3 floors!
 14189 | D:15     | Entered Level 15 of the Dungeon
 14213 | D:15     | Noticed a centaur warrior
 14221 | D:15     | Killed a centaur warrior
 14485 | D:14     | Reached skill level 5 in Fire Magic
 14822 | D:13     | Found a gate leading to a gauntlet.
 14830 | Gauntlet | Entered a Gauntlet
 14830 | Gauntlet | Found a transporter.
 14833 | Gauntlet | Found a transporter.
 14834 | Gauntlet | Noticed a reaper
 14845 | Gauntlet | Found a transporter.
 14850 | Gauntlet | Found a transporter.
 14867 | Gauntlet | Found a transporter.
 14869 | Gauntlet | Found the ring of the Octopus King
 14880 | Gauntlet | Found a transporter.
 14886 | Gauntlet | Noticed a sun demon
 14893 | Gauntlet | Found a transporter.
 14893 | Gauntlet | Noticed a great orb of eyes
 14913 | Gauntlet | Found a transporter.
 14917 | Gauntlet | Found a transporter.
 14925 | Gauntlet | Found a transporter.
 14946 | Gauntlet | Noticed a green death
 14947 | Gauntlet | Found a transporter.
 14951 | Gauntlet | Found a transporter.
 15048 | Gauntlet | Got a fine wooden ring
 15058 | Gauntlet | Killed a green death
 15155 | Gauntlet | Got a slimy amber ring
 15159 | Gauntlet | Identified the ring "Abloch" {+Fly Int+5} (You found it in
                  | a Gauntlet)
 15161 | Gauntlet | Identified the ring "Wephehi" {*Tele +Fly Str+7} (You found
                  | it in a Gauntlet)
 15163 | Gauntlet | Noticed a minotaur
 15173 | Gauntlet | Killed a minotaur
 15435 | Gauntlet | Learned a level 6 spell: Bolt of Fire
 15470 | D:13     | Reached XP level 13. HP: 62/70 MP: 23/25
 15478 | D:13     | Reached skill level 11 in Earth Magic
 15697 | D:12     | Slain by a four-headed hydra

Vault maps used:
D:1:      shiori_arrival_maze, kennysheep_pointless_box, kennysheep_boxes
D:2:      vehumet_crystals, nicolae_overflow_crystal_walls
D:3:      cheibrodos_old_hovel, grunt_ministairs_14
D:4:      first_ration
D:5:      lemuel_doored_altar
D:6:      overflow_temple_1_default
D:7:      nicolae_overflow_hidden_temple, minmay_temple_entry_drinking_statues,
          uniq_pikel, uniq_duvessa, uniq_harold
D:8:      kennysheep_mini, hangedman_ranch, uniq_maurice, uniq_prince_ribbit1
D:9:      marbit_many_paths, grunt_temple_overflow_open, dk_noncrumbling_4
D:10:     serial_shops, shop, uniq_psyche, uniq_erolcha, uniq_nergalle
D:11:     lair_entry_dummy, corexii_corridor_pit, minmay_rotating_lava
D:12:     orc_0_dummy, portal_ice_cave_entry_imps
D:13:     gauntlet_entry_generic, fedhas_altar_1
D:14:     skrybe_vaults_entry_preservation, elyvilon_altar_4
D:15:     grunt_enter_depths_magical_seal, serial_column_ruins,
          column_ruins_columns_straight, column_ruins_open_tiny,
          column_ruins_open_tiny, column_ruins_columns_straight,
          column_ruins_columns_straight, minmay_crystal_water
Temple:   jpeg_temple_island
Gauntlet: minmay_gauntlet_mixed_oops_all_seconds

Skill      XL: |  1  2  3  4  5  6  7  8  9 10 11 12 13 |
---------------+----------------------------------------+-----
Earth Magic    | 4 5 6 7 8 9 10 11 | 11.0
Conjurations   | 1 2 3 4 5 6 7 8 9 |  9.3
Spellcasting   | 3 4 5 6 7 8 |  8.4
Fighting       | 2 4 5 6 7 |  7.9
Armour         | 2 4 5 6 |  6.0
Maces & Flails | 2 3 5 6 7 |  7.2
Dodging        | 2 3 4 5 6 |  6.3
Fire Magic     | 3 5 |  5.8
Evocations     | 1 3 |  3.5
Stealth        | |  2.1
Transmutations | |  0.7

Action                   |  1- 3 |  4- 6 |  7- 9 | 10-12 | 13-15 || total
-------------------------+-------+-------+-------+-------+-------++-------
Melee: Dagger            |     6 |       |       |       |       ||     6
       Unarmed           |     5 |       |       |       |       ||     5
       Short sword       |    38 |    88 |    64 |       |       ||   190
       Flail             |       |       |   105 |   223 |       ||   328
       Demon whip        |       |       |       |    49 |    13 ||    62
 Fire: Shortbow          |       |       |       |    27 |       ||    27
Throw: Stone             |     2 |       |       |     8 |       ||    10
 Cast: Sandblast         |    28 |    68 |    51 |    56 |    15 ||   218
       Stone Arrow       |     1 |     4 |    26 |   108 |       ||   139
       Lee's Rapid Decon |       |       |     4 |    23 |       ||    27
       Fireball          |       |       |       |     2 |       ||     2
Evoke: Wand              |       |       |       |    35 |       ||    35
       Lamp of fire      |       |       |       |     2 |       ||     2
  Use: Scroll            |       |    15 |     3 |     9 |       ||    27
       Potion            |       |     1 |     5 |    10 |       ||    16
 Stab: Sleeping          |     2 |     2 |     2 |     1 |       ||     7
       Distracted        |       |       |       |     1 |       ||     1
  Eat: Chunk             |     4 |     8 |    11 |    19 |       ||    42
       Ration            |       |       |     1 |     4 |       ||     5
Armor: Robe              |    25 |    62 |    92 |   200 |    21 ||   400
       Skin              |       |       |       |     5 |       ||     5
Dodge: Dodged            |    46 |    93 |   135 |   260 |    27 ||   561

Table legend:
 A = Non-vault XP
 B = Vault XP
 C = Vault XP percentage of total XP
 D = Non-vault monster count
 E = Vault monster count
 F = Vault count percentage of total count
                 A         B        C        D         E       F
            +---------+---------+-------+---------+---------+-------
      Total |   15882 |   17375 |  52.2 |     221 |      45 |  16.9
            +---------+---------+-------+---------+---------+-------
        D:1 |      30 |       2 |   6.2 |      16 |       2 |  11.1
        D:2 |      63 |      53 |  45.7 |      19 |       5 |  20.8
        D:3 |     218 |      15 |   6.4 |      19 |       2 |   9.5
        D:4 |     430 |       0 |   0.0 |      17 |       0 |   0.0
        D:5 |     555 |       0 |   0.0 |      21 |       0 |   0.0
        D:6 |     274 |       0 |   0.0 |      13 |       0 |   0.0
        D:7 |     556 |    1766 |  76.1 |      10 |       4 |  28.6
        D:8 |     581 |    2929 |  83.4 |      12 |      10 |  45.5
        D:9 |    1224 |      62 |   4.8 |      29 |       1 |   3.3
       D:10 |    2194 |    2223 |  50.3 |      25 |       3 |  10.7
       D:11 |    2483 |    7923 |  76.1 |      17 |      16 |  48.5
       D:12 |    1595 |       0 |   0.0 |       6 |       0 |   0.0
       D:13 |    1492 |       0 |   0.0 |       6 |       0 |   0.0
       D:14 |    2255 |       0 |   0.0 |       5 |       0 |   0.0
       D:15 |    1932 |       0 |   0.0 |       6 |       0 |   0.0
   Gauntlet |       0 |    2402 | 100.0 |       0 |       2 | 100.0
            +---------+---------+-------+---------+---------+-------
